 Dungeon Crawl Stone Soup version 0.28.0-47-ge53b351184 (webtiles) character file.

Game seed: 17179843049992883868

7249 Exodus22XD the Thaumaturge (level 10, -5/50 HPs)
             Began as a Deep Elf Conjurer on Apr 29, 2022.
             Was a Follower of Vehumet.
             Slain by a wolf spider (19 damage)
             ... summoned by a worldbinder
             ... on level 4 of the Abyss.
             The game lasted 00:56:15 (14050 turns).

Exodus22XD the Thaumaturge (Deep Elf Conjurer)     Turns: 14050, Time: 00:56:16

Health: -5/50      AC:  8    Str:  4      XL:     10   Next: 88%
Magic:  28/28      EV: 17    Int: 33 (34) God:    Vehumet [*.....]
Gold:   619        SH:  5    Dex: 13      Spells: 23/33 levels left

rFire   . . .      SeeInvis .   j - +2 whip (elec)
rCold   . . .      Faith    .   (no shield)
rNeg    + . .      Spirit   .   H - +2 robe {rN+}
rPois   +          Reflect  +   x - +0 helmet
rElec   .          Harm     .   F - +0 cloak
rCorr   .          Rampage  .   b - +0 pair of gloves
Will    +....                   g - +0 pair of boots
Stlth   ++........              p - amulet of reflection
HPRegen 0.00/turn               e - +6 ring of intelligence
MPRegen 0.21/turn               r - ring of poison resistance

@: sick
A: screaming 1, subdued magic 1
a: Renounce Religion


You were on level 4 of the Abyss.
You worshipped Vehumet.
Vehumet was aware of your devotion.
You visited 2 branches of the dungeon, and saw 11 of its levels.
You visited the Abyss 1 time.
You also visited: Bailey.

You collected 619 gold pieces.

Inventory:

Hand Weapons
 j - a +2 whip of electrocution (weapon)
Missiles
 I - 2 throwing nets
Armour
 b - a +0 pair of gloves (worn)
 g - a +0 pair of boots (worn)
 x - a +0 helmet (worn)
 D - a +0 robe of willpower
 F - a +0 cloak (worn)
 H - a +2 robe of positive energy (worn)
Jewellery
 e - a +6 ring of intelligence (left hand)
 o - a ring of flight
 p - an amulet of reflection (around neck)
 r - a ring of poison resistance (right hand)
Wands
 y - a wand of polymorph (15)
 E - a wand of iceblast (10)
 M - a wand of flame (2)
Scrolls
 a - 2 scrolls of enchant weapon
 c - 4 scrolls of vulnerability
 f - a scroll of brand weapon
 i - a scroll of teleportation
 l - 2 scrolls of torment {unknown}
 s - a scroll of magic mapping {unknown}
 t - 3 scrolls of blinking {unknown}
 u - a scroll of summoning {unknown}
 v - a scroll of holy word
 w - a scroll of fear {unknown}
 G - 2 scrolls of immolation
 J - a scroll of enchant armour {unknown}
Potions
 d - a potion of flight
 h - 2 potions of cancellation {unknown}
 k - 2 potions of heal wounds
 m - a potion of berserk rage {unknown}
 n - a potion of mutation {unknown}
 q - 2 potions of magic {unknown}
 z - a potion of resistance {unknown}
 A - 2 potions of brilliance {unknown}
 B - 4 potions of haste
 C - 2 potions of degeneration {unknown}
 K - 2 potions of lignification {unknown}
 L - a potion of ambrosia {unknown}


   Skills:
 - Level 11.2 Dodging
 - Level 2.4 Stealth
 - Level 12.1 Spellcasting
 - Level 10.0 Conjurations
 + Level 7.8 Fire Magic


You had 23 spell levels left.
You knew the following spells:

 Your Spells              Type           Power      Damage    Failure   Level
a - Magic Dart            Conj           100%       1d8       1%          1
b - Searing Ray           Conj           100%       2d8       1%          2
c - Conjure Flame         Conj/Fire      57%        6-21      1%          3
d - Airstrike             Air            7%         N/A       19%         4

Your spell library contained the following spells:

 Spells                   Type           Power      Damage    Failure   Level
 Freeze                   Ice            60%        1d8       1%          1
 Beastly Appendage        Tmut           30%        N/A       1%          1
 Foxfire                  Conj/Fire      100%       2x1d9     1%          1
 Shock                    Conj/Air       100%       1d9       1%          1
 Static Discharge         Conj/Air       40%        N/A       1%          2
 Dazzling Flash           Conj/Hex       80%        N/A       1%          3
 Inner Flame              Hex/Fire       35%        N/A       1%          3
 Flame Wave               Conj/Fire      57%        2d11      1%          4
 Sticky Flame             Conj/Fire      57%        2d7       1%          4
 Wereblood                Tmut           15%        N/A       2%          2
 Fulminant Prism          Conj/Hex       20%        3d13      2%          4
 Iskenderun's Mystic Bla  Conj/Tloc      40%        2d9       2%          4
 Gell's Gravitas          Tloc           15%        N/A       5%          3
 Spider Form              Tmut/Pois      15%        N/A       5%          3
 Swiftness                Air            15%        N/A       5%          3
 Teleport Other           Tloc           15%        N/A       5%          3
 Dispel Undead            Necr           15%        3d10      19%         4
 Petrify                  Tmut/Erth      15%        N/A       19%         4
 Metabolic Englaciation   Hex/Ice        7%         N/A       50%         5
 Dispersal                Tloc           7%         N/A       97%         6
 Statue Form              Tmut/Erth      10%        N/A       97%         6


Dungeon Overview and Level Annotations

Branches:
Dungeon (10/15)            Temple (1/1) D:7            Lair (0/6) D:8
 Bailey (visited)
    Orc: D:9-12

Altars:
Ashenzari
Cheibriados
Dithmenos
Elyvilon
Fedhas
Gozag
Hepliaklqana
Kikubaaqudgha
Makhleb
Nemelex Xobeh
Okawaru
Qazlal
Ru
Sif Muna
Trog
Vehumet
Xom
Yredelemnul
Zin
The Shining One

Shops:
D:4 (

Annotations:
D:7 1 runed translucent door
D:10 Erolcha


Innate Abilities, Weirdness & Mutations

You occasionally shout uncontrollably at your foes.
Your spells are a little easier to cast, but a little less powerful.


Message History

The neqoxec gestures at you.
Something tries to feed on your intellect!
Found an ancient bone altar of Kikubaaqudgha.
The worldbinder calls forth creatures from the Spider Nest!
The neqoxec gestures at you.
Something tries to feed on your intellect!
The worldbinder barely misses you. The worldbinder closely misses you.
The neqoxec gestures at you.
You feel dopey. Something feeds on your intellect!
The worldbinder closely misses you. You block the worldbinder's attack.
The wolf spider completely misses you. The wolf spider barely misses you.
The worldbinder hits you but does no damage.
The worldbinder misses you. The wolf spider completely misses you.
The wolf spider bites you but does no damage.
A starcursed mass comes into view.
The tarantella disappears in a puff of smoke!
The wolf spider disappears in a puff of smoke!
The worldbinder calls forth creatures from the Spider Nest!
The wolf spider disappears in a puff of smoke!
A starcursed mass splits.
A chorus of shrieks assaults your mind.
A chaos spawn and 2 thrashing horrors come into view.
The chaos spawn bellows!
The thrashing horror roars!
You hear a roar!
A thrashing horror comes into view.
The wolf spider completely misses you. The wolf spider bites you.
* * * LOW HITPOINT WARNING * * *
The thrashing horror closely misses you.
The thrashing horror barely misses you.
A starcursed mass comes into view.
The thrashing horror completely misses you.
The thrashing horror barely misses you. You block the wolf spider's attack.
The wolf spider bites you but does no damage.
The wolf spider disappears in a puff of smoke!
The thrashing horror tramples you but does no damage.
The thrashing horror barely misses you.
A starcursed mass splits. x2
The thrashing horror roars!
The wolf spider hits you!!
You die...

.. ### . . #...#...
.. # .# #. #.
#....#.##.X. # #.
.##...###...# .#. #.
...X#3..x_## # #.
#..#..X.###.#. ##..
#...#.# #§#.##..#.
#...@s#####.......#
###..#X.##.#........
.........X.......#.#.
..###..#X.X##X.##...#
#.##4.#X..#....#.# ##
##≈####..#. # ... ≈≈#
≈.. ##≈≈ ≈≈≈≈ ≈≈ ≈≈≈≈
≈ ≈≈≈ ≈


You could see 5 starcursed masses, a wolf spider (summoned), 2 thrashing
horrors, a large abomination, a neqoxec and a chaos spawn.

Vanquished Creatures
  A kobold demonologist (D:9)
  2 komodo dragons (D:8)
  Sigmund (D:3)
  A wyvern (D:8)
  10 yaks (D:9)
  2 basilisks (D:8)
  A steam dragon (D:8)
  An acid dragon (D:8)
  Duvessa (D:5)
  2 water moccasins (D:7)
  2 orc warriors
  A black bear (D:7)
  A hornet zombie (D:5)
  2 ice beasts (D:6)
  4 ogres
  2 centaurs
  2 necrophages
  A kobold brigand (D:6)
  2 gnoll sergeants (D:8)
  A bullfrog (D:6)
  A scorpion (D:5)
  2 water moccasin zombies
  Dowan (D:5)
  8 killer bees
  A water moccasin skeleton (D:5)
  7 wights
  3 howler monkeys
  2 centaur zombies
  3 jellies
  A bullfrog zombie (D:5)
  3 orc priests
  3 hounds
  3 centaur skeletons
  2 gnoll shamans
  7 iguanas
  2 scorpion zombies (D:5)
  4 orc wizards
  A killer bee zombie (D:6)
  A hound zombie (D:5)
  A hound skeleton (D:4)
  Robin (D:3)
  28 gnolls
  A howler monkey zombie (D:5)
  6 adders
  A shadow imp (D:7)
  3 white imps
  An ufetubus (Abyss:2)
  An adder skeleton (D:5)
  A worm (D:4)
  2 dart slugs
  25 orcs
  2 bats (D:1)
  10 endoplasms
  6 giant cockroaches
  36 goblins
  12 hobgoblins
  6 jackals (D:3)
  10 kobolds
  A quokka (D:1)
  11 ball pythons
  4 frilled lizards (D:1)
  3 rats
267 creatures vanquished.

Vanquished Creatures (others)
  2 plants (D:3)
  10 starspawn tentacles (Abyss:2)
12 creatures vanquished.

Grand Total: 279 creatures vanquished

Notes
Turn   | Place    | Note
-------+----------+-------------------------------------------
     0 | D:1      | Exodus22XD the Deep Elf Conjurer began the quest for the
                  | Orb.
     0 | D:1      | Reached XP level 1. HP: 10/10 MP: 6/6
   187 | D:1      | Reached skill level 4 in Spellcasting
   187 | D:1      | Reached XP level 2. HP: 15/15 MP: 6/9
   190 | D:1      | Learned a level 2 spell: Searing Ray
   804 | D:1      | Reached XP level 3. HP: 19/19 MP: 6/11
   896 | D:1      | Reached skill level 5 in Spellcasting
  1182 | D:2      | Learned a level 3 spell: Conjure Flame
  1543 | D:2      | Found a faded altar of an unknown god.
  1727 | D:2      | Reached XP level 4. HP: 24/24 MP: 6/13
  1728 | D:2      | Reached skill level 6 in Spellcasting
  2199 | D:3      | Noticed an ogre
  2206 | D:3      | Killed an ogre
  2207 | D:3      | Reached skill level 7 in Spellcasting
  2207 | D:3      | Reached XP level 5. HP: 28/28 MP: 6/17
  2474 | D:3      | Reached skill level 8 in Spellcasting
  2668 | D:3      | Noticed Sigmund
  2693 | D:3      | Killed Sigmund
  2694 | D:3      | Reached skill level 9 in Spellcasting
  2694 | D:3      | Reached XP level 6. HP: 29/32 MP: 2/20
  2860 | D:3      | Noticed Robin
  2865 | D:3      | Killed Robin
  3430 | D:4      | Reached skill level 10 in Spellcasting
  3616 | D:4      | Reached XP level 7. HP: 36/36 MP: 16/23
  3825 | D:4      | Reached skill level 5 in Conjurations
  4147 | D:4      | Found Fiom's Weapon Shop.
  4564 | D:5      | Entered Level 5 of the Dungeon
  4594 | D:5      | Reached XP level 8. HP: 41/41 MP: 17/24
  4724 | D:5      | Noticed Dowan
  4725 | D:5      | Noticed Duvessa
  4741 | D:5      | Killed Duvessa
  4748 | D:5      | Killed Dowan
  5234 | D:5      | Reached skill level 5 in Fire Magic
  5759 | D:5      | Found a basalt altar of Yredelemnul.
  6016 | D:5      | Reached XP level 9. HP: 45/45 MP: 19/25
  7319 | D:6      | Reached skill level 5 in Dodging
  7679 | D:7      | Found a flagged portal.
  7692 | Bailey   | Entered a bailey
  8000 | D:7      | Found a staircase to the Ecumenical Temple.
  8013 | Temple   | Entered the Ecumenical Temple
  8089 | Temple   | Became a worshipper of Vehumet
  8814 | D:7      | Found a runed translucent door.
  9422 | D:7      | Learned a level 4 spell: Airstrike
 10687 | D:8      | Noticed a komodo dragon
 10720 | D:8      | Killed a komodo dragon
 10721 | D:8      | Reached XP level 10. HP: 50/50 MP: 10/26
 11001 | D:8      | Reached skill level 11 in Spellcasting
 11164 | D:8      | Found a staircase to the Lair.
 11807 | D:9      | Noticed a centaur warrior
 12192 | D:9      | Reached * piety under Vehumet
 12192 | D:9      | Offered knowledge of Freeze by Vehumet.
 12198 | D:9      | Reached skill level 10 in Conjurations
 12331 | D:9      | Reached skill level 12 in Spellcasting
 12561 | D:9      | Reached skill level 10 in Dodging
 13006 | D:9      | Found an opulent altar of Gozag.
 13066 | D:9      | Found a glowing golden altar of the Shining One.
 13074 | D:9      | Found an ancient bone altar of Kikubaaqudgha.
 13074 | D:9      | Found a shimmering blue altar of Sif Muna.
 13083 | D:9      | Found a white marble altar of Elyvilon.
 13159 | D:10     | Entered Level 10 of the Dungeon
 13300 | D:10     | Noticed Erolcha
 13316 | D:10     | Cast into level 2 of the Abyss (Erolcha)
 13341 | Abyss:2  | Noticed a starcursed mass
 13374 | Abyss:2  | Noticed a tentacled starspawn
 13466 | Abyss:2  | Noticed a worldbinder
 13621 | Abyss:2  | Noticed a tentacled starspawn
 13631 | Abyss:2  | Noticed a large abomination
 13633 | Abyss:2  | Noticed a tentacled starspawn
 13639 | Abyss:2  | Noticed a tentacled starspawn
 13739 | Abyss:2  | Noticed a deep elf elementalist
 13742 | Abyss:2  | Noticed a glowing orange brain
 13757 | Abyss:2  | Noticed a thrashing horror
 13770 | Abyss:2  | Noticed a wretched star
 13774 | Abyss:2  | Noticed a large abomination
 13862 | Abyss:4  | Found a corrupted altar of Lugonu.
 13862 | Abyss:4  | Found a corrupted altar of Lugonu.
 13888 | Abyss:4  | Noticed a large abomination
 13909 | Abyss:4  | Noticed a spatial maelstrom
 13934 | Abyss:4  | HP: 2/50 [large abomination (19)]
 14022 | Abyss:4  | Gained mutation: Your spells are a little easier to cast,
                  | but a little less powerful. [a neqoxec]
 14024 | Abyss:4  | Noticed a worldbinder
 14024 | Abyss:4  | Gained mutation: You occasionally shout uncontrollably at
                  | your foes. [a neqoxec]
 14027 | Abyss:4  | Noticed a large abomination
 14032 | Abyss:4  | Found an ancient bone altar of Kikubaaqudgha.
 14033 | Abyss:4  | Noticed a wolf spider
 14033 | Abyss:4  | Noticed a wolf spider
 14042 | Abyss:4  | Noticed a starcursed mass
 14043 | Abyss:4  | Noticed a wolf spider
 14044 | Abyss:4  | Noticed a wolf spider
 14047 | Abyss:4  | Noticed a thrashing horror
 14047 | Abyss:4  | Noticed a thrashing horror
 14047 | Abyss:4  | Noticed a thrashing horror
 14048 | Abyss:4  | Noticed a starcursed mass
 14050 | Abyss:4  | Slain by a wolf spider

Illustrated notes

Levels and vault maps discovered:
D:1:      saegor_arrival_fortress, layout_basic
D:2:      cheibrodos_greedy_goblins, layout_rooms,
          nicolae_ecumenical_snake_handling, ebering_dispersal_statue_hall
D:3:      kennysheep_goblin_castle, layout_basic, wad_woods_river_04,
          nicolae_grassy_gnolls, uniq_sigmund
D:4:      layout_loops_cross, serial_shops, nicolae_shop_bloodbath_and_beyond,
          corexii_shack, kennysheep_generic_room_12
D:5:      layout_basic, nicolae_yredelemnul_corpse_copse, portal_sewer_entry_b,
          uniq_duvessa
D:6:      layout_rooms
D:7:      layout_loops_corners, temple_fountains, serial_aquarium,
          aquarium_bridge_square [aquarium_subvault_bridge,
          aquarium_subvault_wall, aquarium_subvault_bridge,
          aquarium_subvault_wall], aquarium_window_corridor_2,
          aquarium_window_corner, aquarium_window_2, aquarium_view_2e,
          aquarium_view_2d, aquarium_pool_corner, enter_bailey_3,
          lightli_church_of_beogh
D:8:      layout_rooms, erik_lair_dragon
D:9:      layout_irregular_city, nicolae_overflow_hallway_of_the_gods,
          mainiacjoe_overflow_big_doors, minivault_19, minmay_door_square
D:10:     layout_roguey, serial_shops, shop, minmay_fire_ice_demons, uniq_erica,
          uniq_erolcha, uniq_sonja
Temple:   eino_temple_water
Abyss:4:  base: D:3, bh_abyss_exit_spiral, evilmike_abyss_exit_3

Skill      XL: |  1  2  3  4  5  6  7  8  9 10 |
---------------+-------------------------------+-----
Spellcasting   | 4 5 7 9 10 12 | 12.1
Conjurations   | 7 8 10 | 10.0
Fire Magic     | 6 7 |  7.8
Dodging        | 9 11 | 11.2
Stealth        | |  2.4

Action                   |  1- 3 |  4- 6 |  7- 9 | 10-12 || total
-------------------------+-------+-------+-------+-------++-------
Melee: Whip              |     2 |     1 |       |     2 ||     5
 Cast: Magic Dart        |    79 |    98 |   164 |    29 ||   370
       Searing Ray       |     1 |    16 |    87 |    42 ||   146
       Conjure Flame     |       |     3 |    24 |     9 ||    36
Evoke: Wand              |       |       |     1 |       ||     1
  Use: Scroll            |       |       |     1 |    11 ||    12
       Potion            |       |       |       |     3 ||     3
Armor: Robe              |     3 |     5 |    11 |    22 ||    41
Dodge: Dodged            |     5 |    16 |    42 |    68 ||   131
Block: Other             |       |       |    20 |    21 ||    41
       Reflection        |       |       |       |     2 ||     2
